AoeStats
← HeroSan

Arabia

510849480Analyzed
1v1 RM · 9h ago on Oct 2, 2026· 55m 38s· 2 players
Game mode
Random Map
Map size
Tiny (2 player)
Population
200
Speed
Normal
Resources
Standard
Victory
Conquest
Starting age
Dark Age
Ending age
Imperial Age
RankedLock teamsTeams togetherTeam positionsShared explorationLock speedFull tech treeHidden civsTurbo modeCheats
Victory
Defeat
🇨🇱 Britons · Chile
1529
+16
🇦🇷 Chinese · Argentina
1519
-16
HeroSan
0:27 Loom
9:21 Feudal Age
9:52 Double-Bit Axe
9:53 Horse Collar
21:22 Castle Age
19:44 Gold Mining
20:27 Fletching
20:55 Padded Archer Armor
22:01 Bodkin Arrow
21:28 Elite Skirmisher
22:39 Town Watch
25:26 Ballistics
25:40 Leather Archer Armor
27:34 Bow Saw
29:01 Wheelbarrow
29:24 Thumb Ring
37:54 Imperial Age
36:40 Crossbowman
38:57 Bracer
40:09 Chemistry
40:27 Conscription
47:32 Ring Archer Armor
DS_EMILIO
5:44 Loom
8:53 Feudal Age
10:06 Double-Bit Axe
13:31 Fletching
20:40 Castle Age
19:02 Gold Mining
19:04 Horse Collar
20:43 Padded Archer Armor
21:16 Bodkin Arrow
20:55 Crossbowman
25:05 Ballistics
27:05 Bow Saw
26:58 Heavy Plow
27:21 Leather Archer Armor
27:51 Gold Shaft Mining
28:56 Wheelbarrow
29:57 Hand Cart
29:42 Stone Mining
31:25 Town Watch
35:56 Imperial Age
36:17 Arbalester
37:20 Bracer
40:51 Chemistry
40:44 Elite Skirmisher
41:58 Conscription
44:36 Yeomen
50:39 Ring Archer Armor
53:38 Scale Barding Armor
54:37 Forging
54:49 Chain Barding Armor
55:42 Two-Man Saw
55:07 Warwolf
55:44 Hoardings
55:34 Husbandry
54:57 Light Cavalry
Connection lost

Rejoining the realm…

Still unreachable

The connection could not be restored.

Session expired

The server has moved on; the page needs a fresh start.